 Dungeon Sprint DCSS version 0.22-a0-322-g60b3cfd (webtiles) character file.

749 emperorscorpion the Arsonist (level 7, 0/62 HPs)
             Began as a Naga Fire Elementalist on Apr 5, 2018.
             Was a Follower of Vehumet.
             Slain by a steam dragon (3 damage)
             ... in the Dungeon (Sprint IX: "|||||||||||||||||||||||||||||").
             The game lasted 00:01:45 (330 turns).

emperorscorpion the Arsonist (NaFE)                  Turns: 330, Time: 00:01:46

Health: 0/62       AC:  3    Str: 10    XL:     7   Next: 77%
Magic:  12/16      EV: 15    Int: 15    God:    Vehumet [*.....]
Gold:   0          SH:  0    Dex: 17    Spells: 17/18 levels left

rFire    . . .     SeeInvis +   a - +4 quarterstaff (speed)
rCold    . . .     Gourm    .   (shield currently unavailable)
rNeg     . . .     Faith    .   n - +0 robe
rPois    +         Spirit   .   (no helmet)
rElec    .         Reflect  .   (no cloak)
rCorr    .         Harm     .   (no gloves)
MR       .....     NoTele   +   (no barding)
Stlth    +++.......             (no amulet)
HPRegen  0.20/turn              q - +2 ring of evasion
MPRegen  0.15/turn              r - +3 ring of dexterity

@: berserk cooldown, slowed, very slow
A: large, see invisible, deformed body, poison resistance, slowness 2, slow
metabolism 1, spit poison 1, AC +2
a: Spit Poison, Renounce Religion


You were in the Dungeon.
You worshipped Vehumet.
Vehumet was aware of your devotion.
You were not hungry.

You visited 1 branch

Inventory:

Hand Weapons
 a - a +4 quarterstaff of speed (weapon)
Armour
 n - a +0 robe (worn)
 o - a +0 pair of gloves
 p - a +1 scale mail
Magical Staves
 b - an uncursed staff of energy
Jewellery
 q - a +2 ring of evasion (left hand)
 r - a +3 ring of dexterity (right hand)
Wands
 m - a wand of iceblast (10)
Scrolls
 i - 2 scrolls of blinking
 k - 3 scrolls of remove curse
 l - 2 scrolls of amnesia
Potions
 d - 5 potions of curing
 e - 3 potions of heal wounds
 f - a potion of haste
 g - 4 potions of magic
 j - a potion of invisibility
Comestibles
 c - a ration


   Skills:
 + Level 3.3 Fighting
 + Level 5.5 Staves
 + Level 5.3 Dodging
 + Level 6.4 Stealth
 + Level 5.0 Unarmed Combat
 + Level 6.3 Spellcasting
 + Level 3.2 Conjurations
 + Level 10.2 Fire Magic


You had 17 spell levels left.
You knew the following spells:

 Your Spells              Type           Power        Failure   Level  Hunger
a - Flame Tongue          Conj/Fire      ###..        1%          1    None


Dungeon Overview and Level Annotations

Branches:
Dungeon (1/1)

Altars:
Cheibriados
Dithmenos
Elyvilon
Fedhas
Gozag
Hepliaklqana
Kikubaaqudgha
Makhleb
Nemelex Xobeh
Okawaru
Qazlal
Ru
Sif Muna
Trog
Uskayaw
Vehumet
Wu Jian
Xom
Yredelemnul
Zin
The Shining One
Beogh
Jiyva
Lugonu


Innate Abilities, Weirdness & Mutations

You cannot wear boots.
Your serpentine skin is tough. (AC +2)
You have supernaturally acute eyesight. (SInv)
Armour fits poorly on your strangely shaped body.
Your system is resistant to poisons. (rPois)
You cover ground very slowly.
You have a slow metabolism.
You can spit poison.


Message History

* * * LOW HITPOINT WARNING * * *
You are engulfed in a cloud of scalding steam.
The steam dragon bites you but does no damage.
The steam dragon claws you.
* * * LOW HITPOINT WARNING * * *
There is an open door to the Dungeon, spattered with blood here.
Things that are here:
a giant club; a hound corpse; an ogre corpse You thump the steam dragon!
The steam dragon is moderately wounded.
You are engulfed in a cloud of scalding steam.
* * * LOW HITPOINT WARNING * * *
You hit the steam dragon.
The steam dragon is heavily wounded.
You are no longer berserk.
You are exhausted.
You feel yourself slow down. The steam dragon bites you!
* * * LOW HITPOINT WARNING * * *
The steam dragon claws you.
You die...

▓.▓
▓.▓
▓)▓
▓.▓
▓[▓
▓§▓
▓§▓
▓§▓
▓@▓
▓D▓
▓H▓
▓.▓
▓.▓
▓.▓
▓.▓
▓+▓


You could see a hippogriff and a steam dragon.

Vanquished Creatures
  An unseen horror (D)
  An ice beast (D)
  An ogre (D)
  A hound (D)
  A worker ant (D)
  A shadow imp (D)
  An orc (D)
  2 bat skeletons (D)
  A hobgoblin (D)
  A jackal (D)
  A kobold (D)
  A frilled lizard (D)
  A rat (D)
14 creatures vanquished.

Notes
Turn   | Place    | Note
-------+----------+-------------------------------------------
     0 | D        | emperorscorpion the Naga Fire Elementalist began the quest for the Orb.
     0 | D        | Reached XP level 1. HP: 15/15 MP: 3/3
   157 | D        | Noticed a worker ant
   160 | D        | Killed a worker ant
   160 | D        | Reached skill level 5 in Fire Magic
   160 | D        | Reached XP level 2. HP: 22/22 MP: 3/6
   160 | D        | Reached XP level 3. HP: 28/28 MP: 3/7
   172 | D        | Reached skill level 1 in Unarmed Combat
   179 | D        | Found a roughly hewn altar of Beogh.
   179 | D        | Found a snail-covered altar of Cheibriados.
   179 | D        | Found a shadowy altar of Dithmenos.
   179 | D        | Found a white marble altar of Elyvilon.
   179 | D        | Found a blossoming altar of Fedhas.
   179 | D        | Found an opulent altar of Gozag.
   180 | D        | Found a hazy altar of Hepliaklqana.
   181 | D        | Found a viscous altar of Jiyva.
   182 | D        | Found an ancient bone altar of Kikubaaqudgha.
   183 | D        | Found a corrupted altar of Lugonu.
   184 | D        | Found a burning altar of Makhleb.
   185 | D        | Found a sparkling altar of Nemelex Xobeh.
   186 | D        | Found an iron altar of Okawaru.
   187 | D        | Found a stormy altar of Qazlal.
   188 | D        | Found a sacrificial altar of Ru.
   189 | D        | Found a deep blue altar of Sif Muna.
   190 | D        | Found a bloodstained altar of Trog.
   191 | D        | Found a hide-covered altar of Uskayaw.
   192 | D        | Found a radiant altar of Vehumet.
   193 | D        | Found an ornate altar of the Wu Jian Council.
   194 | D        | Found a shimmering altar of Xom.
   195 | D        | Found a basalt altar of Yredelemnul.
   196 | D        | Found a glowing silver altar of Zin.
   197 | D        | Found a glowing golden altar of the Shining One.
   200 | D        | Became a worshipper of Vehumet
   309 | D        | Noticed an ogre
   309 | D        | Noticed an unseen horror
   309 | D        | Noticed an ice beast
   309 | D        | Noticed a steam dragon
   309 | D        | Noticed a hippogriff
   312 | D        | Killed an ogre
   312 | D        | Reached skill level 5 in Stealth
   312 | D        | Reached skill level 6 in Fire Magic
   312 | D        | Reached XP level 4. HP: 37/37 MP: 10/10
   312 | D        | Reached XP level 5. HP: 43/43 MP: 11/11
   314 | D        | Reached skill level 1 in Staves
   314 | D        | Reached skill level 7 in Fire Magic
   324 | D        | Killed an unseen horror
   324 | D        | Reached * piety under Vehumet
   324 | D        | Offered knowledge of Magic Dart by Vehumet.
   324 | D        | Reached skill level 5 in Staves
   324 | D        | Reached skill level 5 in Dodging
   324 | D        | Reached skill level 9 in Fire Magic
   324 | D        | Reached XP level 6. HP: 31/56 MP: 12/15
   324 | D        | Reached XP level 7. HP: 34/62 MP: 12/16
   327 | D        | Reached skill level 5 in Unarmed Combat
   327 | D        | Reached skill level 10 in Fire Magic
   330 | D        | HP: 3/62 [steam dragon (8)]
   330 | D        | Slain by a steam dragon

Vault maps used:
D:        linesprint

Skill      XL: |  1  2  3  4  5  6  7 |
---------------+----------------------+-----
Dodging        | 2 3 5 |  5.3
Stealth        | 4 5 6 |  6.4
Spellcasting   | 3 4 6 |  6.3
Fire Magic     | 5 6 9 10 | 10.2
Unarmed Combat | 2 4 5 |  5.0
Conjurations   | 2 3 |  3.2
Staves         | 5 |  5.5
Fighting       | 3 |  3.3

Action                   |  1- 3 |  4- 6 |  7- 9 || total
-------------------------+-------+-------+-------++-------
Melee: Unarmed           |    19 |       |       ||    19
       Quarterstaff      |     2 |    12 |     5 ||    19
 Cast: Flame Tongue      |     8 |       |       ||     8
 Abil: Spit Poison       |     3 |       |       ||     3
  Use: Potion            |     1 |       |       ||     1
Armor: Robe              |    10 |       |     2 ||    12
Dodge: Dodged            |    20 |     5 |     1 ||    26

Table legend:
 A = Spawn XP
 B = Non-spawn XP
 C = Spawn XP percentage of total XP
 D = Spawn monster count
 E = Non-spawn monster count
 F = Spawn count percentage of total count
 G = Total turns spent on level
                    A         B        C        D         E        F      G
               +---------+---------+-------+---------+---------+-------+---------
         Total |       0 |    1070 |   0.0 |       0 |      14 |   0.0 |   330
               +---------+---------+-------+---------+---------+-------+---------
             D |       0 |    1070 |   0.0 |       0 |      14 |   0.0 |   330
               +---------+---------+-------+---------+---------+-------+---------
